Map: Site Delta LE

Players

florian

  • Race: Protoss Protoss
  • Spawn Location: 5:00

A.I. 1 (Very Easy) - Winner!

  • Race: Terran Terran
  • Spawn Location: 11:00

VOD

Have the link to the VOD?

Description

Time

  • Played on: Nov. 3, 2025, 5:54 a.m.
  • Length: 6:51
Show
View Real Time Build Order
Export as new Build Order

florian Protoss 

Build Orders: 1 Gate Expand, Phoenix Opening, Zealot Archon, Archon Drop 

Get SALT Encoding   

  12  0:00  Probe  
  13  0:12  Probe  
  14  0:18  Pylon  
  14  0:24  Probe  
  15  0:34  Probe  
  15  0:38  Gateway  
  15  0:42  Probe  
  16  0:47  Assimilator  
  17  0:50  Probe  
  18  1:03  Probe  
  19  1:15  Probe  
  20  1:22  Nexus  
  20  1:32  Cybernetics Core  
  20  1:35  Probe  
  21  1:41  Assimilator  
  21  1:47  Probe  
  21  1:49  Pylon  
  22  1:57  Stalker  
  22  2:00  Probe  
  23  2:09  Warp Gate  
  23  2:12  Probe  
  26  2:21  Shield Battery  
  26  2:24  Probe  
  26  2:26  Sentry  
  29  2:30  Probe  
  29  2:32  Phoenix  
  29  2:36  Probe  
  31  2:39  Probe  
  31  2:42  Robotics Facility  
  32  2:48  Probe x2  
  34  2:52  Gateway  
  34  3:00  Probe  
  34  3:01  Probe  
  36  3:07  Stalker  
  36  3:12  Probe  
  39  3:13  Probe  
  39  3:18  Pylon  
  40  3:22  Observer  
  40  3:24  Probe  
  40  3:25  Probe  
  42  3:28  Twilight Council  
  43  3:37  Probe x2  
  43  3:40  Immortal  
  49  3:48  Assimilator  
  49  3:49  Assimilator, Probe x2  
  49  3:50  Pylon  
  49  3:55  Forge  
  51  4:01  Probe x2  
  53  4:03  Charge  
  53  4:06  Protoss Ground Weapons Level 1  
  53  4:13  Probe x2  
  55  4:17  Immortal  
  55  4:23  Pylon  
  59  4:29  Gateway  
  59  4:31  Gateway  
  59  4:36  Gateway  
  59  4:41  Gateway  
  59  4:46  Gateway  
  59  4:49  Immortal  
  63  5:01  Pylon  
  63  5:03  Zealot  
  63  5:04  Zealot  
  67  5:09  Templar Archives  
  67  5:16  Pylon  
  67  5:17  Pylon  
  67  5:22  Warp Prism  
  67  5:24  Zealot x2  
  67  5:25  Zealot  
  75  5:38  Zealot x2  
  75  5:42  Zealot  
  81  5:46  High Templar x2  
  81  5:47  High Templar  
  81  5:49  High Templar  
  89  5:51  Archon  
  89  5:53  Archon  
  89  5:56  Pylon  
  89  5:57  Pylon  
  89  5:59  Zealot  
  89  6:02  Zealot  
  93  6:07  Pylon  
  93  6:18  High Templar x2  
  95  6:19  Zealot x3  
  95  6:22  Archon  
  103  6:27  Zealot x2  
  107  6:49  Zealot x5  
Show
View Real Time Build Order
Export as new Build Order

A.I. 1 (Very Easy) Terran - Winner!

Build Orders:  

Get SALT Encoding   

  12  0:00  SCV  
  13  0:13  SCV  
  14  0:18  Supply Depot  
  14  0:36  Refinery  
  14  0:40  Barracks  
  14  1:04  Supply Depot  
  14  1:12  Refinery  
  14  1:27  Marine  
  14  1:30  Orbital Command  
  15  1:56  SCV  
  17  2:08  SCV  
  17  2:14  Barracks Tech Lab  
  17  2:20  SCV  
  18  2:32  SCV, Marine  
  20  2:44  SCV  
  21  2:57  SCV  
  22  3:19  Marauder  
  24  3:22  Supply Depot  
  24  3:47  Marine  
  25  4:16  Marauder  
  27  6:45  Supply Depot  
  22  6:48  Factory  
Tags
 
Add a new tag
Caveats
  • Supply blocks, unpowered buildings, or Contaminate may cause inaccurate times.
  • Supply counts are checked every 10 seconds.